 Dungeon Crawl Stone Soup version 0.31-a0-700-gf13585253f (webtiles) character file.

Game seed: 8640869262373142678

122 qw the Shooter (level 5, -1/32 HPs)
             Began as a Gargoyle Hunter on Sept 7, 2023.
             Killed from afar by an orc wizard (8 damage)
             ... with a puff of flame
             ... on level 3 of the Dungeon.
             The game lasted 00:00:44 (1753 turns).

qw the Shooter (Gargoyle Hunter)                    Turns: 1753, Time: 00:00:45

Health: -1/32      AC:  9    Str: 13 (15) XL:     5   Next: 6%
Magic:  5/5        EV: 11    Int:  7 (9)  God:
Gold:   102        SH:  0    Dex: 13 (15) Spells: 4/4 levels left

rFire   . . .        Y - +0 shortbow
rCold   . . .        (shield currently unavailable)
rNeg    + . .        c - +0 leather armour
rPois   inf          i - +1 helmet
rElec   +            (no cloak)
rCorr   .            (no gloves)
SInv    .            (no boots)
Will    .....        (no amulet)
Stlth   +            (no ring)
HPRegen 0.25/turn    (no ring)
MPRegen 0.09/turn

%: no passive effects
@: no status effects
A: sickness immunity, AC +4, negative energy resistance 1, electricity
resistance, torment resistance 1, petrification resistance
a: no special abilities


You were on level 3 of the Dungeon.
You visited 1 branch of the dungeon, and saw 3 of its levels.

You collected 102 gold pieces.


Innate Abilities, Weirdness & Mutations

You are immune to sickness and miasma.
Your stone body is resilient. (AC +4)
You are immune to poison.
You resist negative energy. (rN+)
You are resistant to electric shocks. (rElec)
You are resistant to unholy torment.
You are immune to petrification.


   Skills:
 - Level 3.0 Fighting
 + Level 5.9 Ranged Weapons
 - Level 1.5 Dodging
 - Level 1.1 Stealth


You had 4 spell levels left.
You didn't know any spells.
Your spell library was empty.

Inventory:

Hand Weapons
 Y - a +0 shortbow (weapon)
Armour
 c - a +0 leather armour (worn)
 i - a +1 helmet (worn)
Jewellery
 m - a ring of ice
Scrolls
 a - a scroll of enchant armour {unknown}
Potions
 d - a potion of curing {unknown}
 e - a potion of brilliance {unknown}
 g - a potion of might
 h - a potion of mutation {unknown}

Dungeon Overview and Level Annotations

Branches:
Dungeon (3/15)

Altars:

Shops:
D:1 (


Message History

Something hits you. The orc barely misses you.
Something hits you but does no damage. x2
The orc closely misses you.
Something hits you but does no damage. x2
The orc misses you. Something hits you. x2
Something hits you but does no damage. x2; The orc hits you but does no damage.
You feel less confused. The orc hits you but does no damage.
Something hits you but does no damage.
You hear some strange, mumbled words.
A magic dart appears from out of thin air!
The magic dart hits you.
You shoot an arrow.
The arrow hits the orc but does no damage.
The orc closely misses you. Something hits you.
You hear some strange, mumbled words.
A magic dart appears from out of thin air!
The magic dart hits you.
Something hits you but does no damage. x2
The orc barely misses you.
You shoot an arrow. The arrow hits the orc!
You kill the orc!
Something hits you but does no damage. x2
You shoot an arrow. Something hits you but does no damage.
You hear some strange, mumbled words.
Something tries to affect you, but you resist.
You shoot an arrow. Something hits you.
You hear some strange, mumbled words.
Something tries to affect you, but you resist.
You shoot an arrow.
Something hits you but does no damage. x2
You shoot an arrow.
Something hits you but does no damage. x2
You shoot an arrow. Something hits you. Something hits you but does no damage.
You shoot an arrow. Something hits you but does no damage. Something hits you.
You hear some strange, mumbled words.
A puff of flame appears from out of thin air!
The puff of flame hits you!
You die...

......# .......
....... ....... #
....... #. .......
#. ......{## #.
......)@# #....#.
.|....#{#######
#....#. .....
#.......####....#.
....
#..........#....#
...
#..........#....#.
..
#..........#....#.
#
#####.............
#...........#.
#.......#...#+


There were no monsters in sight!

Vanquished Creatures
  An orc priest (D:3)
  4 adders
  A dart slug (D:2)
  5 orcs (D:3)
  3 endoplasms
  A giant cockroach (D:1)
  3 goblins (D:2)
  2 hobgoblins (D:2)
  4 jackals (D:2)
  3 quokkas
  6 ball pythons
  5 bats
  3 frilled lizards
  8 kobolds
  A rat (D:2)
50 creatures vanquished.

Notes
Turn   | Place    | Note
-------+----------+-------------------------------------------
     0 | D:1      | qw the Gargoyle Hunter began the quest for the Orb.
     0 | D:1      | Reached XP level 1. HP: 12/12 MP: 1/1
     0 | D:1      | 0 ||| qw: Version: 0.3-a-76-g4403597
     0 | D:1      | 0 ||| qw: Game counter: 707
     0 | D:1      | 0 ||| qw: Melee chars always use a shield: true
     0 | D:1      | 0 ||| qw: God list: Okawaru
     0 | D:1      | 0 ||| qw: Allow faded altars: false
     0 | D:1      | 0 ||| qw: Do Orc after clearing Dungeon:15 true
     0 | D:1      | 0 ||| qw: Do second Lair branch before Depths: true
     0 | D:1      | 0 ||| qw: Lair rune preference: random
     0 | D:1      | 0 ||| qw: Goals: Normal
     0 | D:1      | 0 ||| PLANNING D:1-11
   144 | D:1      | 144 ||| DROPPING scroll of butterflies.
   255 | D:1      | Reached XP level 2. HP: 17/17 MP: 2/2
   761 | D:1      | Found Cubrysh's Weapon Emporium.
   770 | D:1      | 770 ||| SHOPLISTING +0 arbalest (58 gold, have 25).
   923 | D:2      | Found a faded altar of an unknown god.
   963 | D:2      | Reached skill level 5 in Ranged Weapons
   963 | D:2      | Reached XP level 3. HP: 21/21 MP: 3/3
  1114 | D:2      | Reached skill level 3 in Fighting
  1136 | D:2      | Reached XP level 4. HP: 28/28 MP: 4/4
  1442 | D:2      | 1442 ||| UPGRADING to +1 helmet.
  1447 | D:2      | 1447 ||| READING scroll labelled IJORUO QOAL.
  1448 | D:2      | 1448 ||| READING scroll labelled TUYJIH ZUUWKI.
  1452 | D:2      | 1452 ||| DRINKING 2 fuming red potions.
  1453 | D:2      | 1453 ||| DRINKING 2 metallic yellow potions.
  1476 | D:2      | 1476 ||| DRINKING 2 bubbling grey potions.
  1477 | D:2      | 1477 ||| DRINKING 2 silvery potions.
  1478 | D:2      | 1478 ||| DROPPING potion of lignification.
  1479 | D:2      | 1479 ||| DROPPING potion of degeneration.
  1606 | D:3      | 1606 ||| RETREATING.
  1623 | D:3      | Reached XP level 5. HP: 24/32 MP: 5/5
  1729 | D:3      | HP: 7/32 [orc wizard/puff of flame (8)]
  1730 | D:3      | 1730 ||| DRINKING potion of heal wounds.
  1753 | D:3      | HP: 7/32 [something (3)]
  1753 | D:3      | Killed from afar by an orc wizard

Levels and vault maps discovered:
D:1:      evilmike_arrival_rings, layout_loops_ring, serial_shops,
          nicolae_shop_bloodbath_and_beyond, hangedman_glass_teeth,
          chequers_decorated_corner
D:2:      layout_loops_ring, hellmonk_ecumenical_altar_zigzags,
          roderic_roman_lattice
D:3:      layout_basic, minitemple, minmay_crystal_room,
          nicolae_nh_oracle_at_delphi

Skill      XL: |  1  2  3 |
---------------+----------+-----
Ranged Weapons | 5 |  5.9
Fighting       | 3 |  3.0
Dodging        | |  1.5
Stealth        | |  1.1

Action                     |  1- 3 |  4- 6 || total
---------------------------+-------+-------++-------
   Fire: Shortbow          |   118 |    62 ||   180
    Use: Potion            |       |     5 ||     5
         Scroll            |       |     2 ||     2
 Armour: Leather armour    |    61 |    72 ||   133
  Dodge: Dodged            |    76 |    30 ||   106

Table legend:
 A = Non-vault XP
 B = Vault XP
 C = Vault XP percentage of total XP
 D = Non-vault monster count
 E = Vault monster count
 F = Vault count percentage of total count
                 A         B        C        D         E       F
            +---------+---------+-------+---------+---------+-------
      Total |     175 |       0 |   0.0 |      50 |       0 |   0.0
            +---------+---------+-------+---------+---------+-------
        D:1 |      22 |       0 |   0.0 |      14 |       0 |   0.0
        D:2 |      78 |       0 |   0.0 |      26 |       0 |   0.0
        D:3 |      75 |       0 |   0.0 |      10 |       0 |   0.0
            +---------+---------+-------+---------+---------+-------
